AoeStats
← AlexAlmi

Arabia

510053627Analyzed
1v1 RM · 3d ago on Sep 29, 2026· 48m 34s· 2 players
Game mode
Random Map
Map size
Tiny (2 player)
Population
200
Speed
Normal
Resources
Standard
Victory
Conquest
Starting age
Dark Age
Ending age
Imperial Age
RankedLock teamsTeams togetherTeam positionsShared explorationLock speedFull tech treeHidden civsTurbo modeCheats
Victory
Defeat
🇪🇸 Franks · Spain
775
+15
🇫🇷 Ethiopians · France
750
-15
tontonkuk
6:18 Loom
9:45 Feudal Age
15:15 Fletching
22:48 Wheelbarrow
27:41 Castle Age
27:31 Double-Bit Axe
27:28 Horse Collar
28:07 Elite Skirmisher
33:30 Bodkin Arrow
33:40 Scale Barding Armor
33:50 Forging
33:41 Scale Mail Armor
36:38 Squires
37:52 Arson
38:58 Chain Mail Armor
40:15 Heavy Plow
40:34 Bow Saw
40:40 Thumb Ring
41:51 Ballistics
45:46 Imperial Age
47:55 Chemistry
46:58 Bracer
AlexAlmi
5:04 Loom
11:10 Feudal Age
18:05 Castle Age
17:59 Padded Archer Armor
17:50 Fletching
19:56 Double-Bit Axe
23:17 Gold Mining
24:06 Husbandry
26:05 Stone Mining
27:23 Scale Barding Armor
33:25 Wheelbarrow
33:22 Bow Saw
36:34 Imperial Age
34:58 Forging
36:09 Hand Cart
36:21 Chain Barding Armor
36:37 Iron Casting
36:47 Gold Shaft Mining
36:43 Cavalier
40:40 Blast Furnace
41:59 Plate Barding Armor
41:54 Hand Cart
41:44 Town Watch
43:01 Paladin
Connection lost

Rejoining the realm…

Still unreachable

The connection could not be restored.

Session expired

The server has moved on; the page needs a fresh start.